 Dungeon Crawl Stone Soup version 0.17.1-1-g73c8601 (webtiles) character file.

134124 JustSomeDude the Blocker (level 16, -11/120 HPs)
             Began as a Demonspawn Monk on Dec 26, 2015.
             Splashed by an acid blob's acid (13 damage)
             ... on level 1 of the Pits of Slime on Dec 27, 2015.
             The game lasted 03:29:08 (41265 turns).

JustSomeDude the Blocker (Demonspawn Monk)         Turns: 41265, Time: 03:29:08

Health: -11/120    AC:  1    Str: 10    XL:     16   Next: 61%
Magic:  22/22      EV: 25    Int: 15    God:
Gold:   2800       SH: 19    Dex: 24    Spells: 0 memorised, 15 levels left

rFire  + + .     SeeInvis .     s - +4 dagger (drain)
rCold  . . .     Clarity  .     u - +3 salamander hide armour {+Rage rF++}
rNeg   + . .     SustAt   .     t - +5 shield
rPois  .         Gourm    .     v - +0 hat of Jiguir {Regen+}
rElec  .         Spirit   .     d - +2 cloak
rCorr  .         Warding  +     j - +2 pair of gloves
rMut   .         Stasis   .     (no boots)
MR     +....                    y - amulet of warding
Stlth  +++++++++.               a - +4 ring of dexterity
                                h - ring of stealth

@: corroded equipment, invisible, somewhat resistant to hostile enchantments,
incredibly stealthy
A: antennae 1, talons 2, rough black scales 1, mutation resistance 1,
nightstalker 3, spiny 2, spit poison 2
a: Spit Poison, Evoke Berserk Rage


You were on level 1 of the Pits of Slime.
You were not hungry.

You visited 8 branches of the dungeon, and saw 36 of its levels.
You also visited: Labyrinth and Ice Cave.

You collected 3171 gold pieces.
You spent 275 gold pieces at shops.

Inventory:

Hand Weapons
 s - a +4 dagger of draining (weapon)
 B - the +2 scimitar of Veaqau {slice, rElec MP-9 Str+2}
   (You found it in an ice cave)

   It inflicts extra damage upon your enemies.
   It affects your strength (+2).
   It insulates you from electricity.
   It affects your magic capacity (-9).
Missiles
 H - 2 tomahawks of returning
 W - 26 tomahawks (quivered)
Armour
 d - a +2 cloak (worn)
 j - a +2 pair of gloves (worn)
 t - a +5 shield (worn)
 u - the +3 salamander hide armour (worn) {+Rage rF++}
   (You found it on level 5 of the Dungeon)

   It greatly protects you from fire.
   It lets you go berserk.
 v - the +0 hat of Jiguir (worn) {Regen+}
   (You acquired it on level 7 of the Lair of Beasts)

   It increases your rate of regeneration.
 P - a +2 plate armour of cold resistance
Rods
 C - a +5 rod of shadows (10/10)
   (You found it in a labyrinth)
Jewellery
 a - a +4 ring of dexterity (right hand)
 e - an uncursed amulet of stasis
 h - a ring of stealth (left hand)
 i - an uncursed ring of flight
 y - an amulet of warding (around neck)
Wands
 p - a wand of fire (5)
 q - a wand of confusion (33)
 r - a wand of frost (16)
 w - a wand of paralysis (19)
 A - a wand of digging (9)
 G - a wand of fire (4)
 L - a wand of hasting (3)
 M - a wand of lightning (6)
 N - a wand of digging (8)
 O - a wand of slowing (15)
 Q - a wand of fireball (11)
 T - a wand of teleportation (0)
 V - a wand of lightning (9)
Scrolls
 c - 4 scrolls of teleportation
 f - 2 scrolls of enchant armour
 g - a scroll of blinking
 l - 11 scrolls of remove curse
 m - 5 scrolls of recharging
 n - 11 scrolls of identify
 E - 4 scrolls of immolation
 K - 2 scrolls of amnesia
 R - a scroll of brand weapon
 Y - a scroll of summoning
Potions
 x - 3 potions of brilliance
 z - a potion of ambrosia
 F - a potion of lignification
Miscellaneous
 k - a plain deck of wonders {drawn: 3}
 D - a lamp of fire
 I - a fan of gales {woosh}
 S - an ornate deck of changes {the Blade, drawn: 1}
 X - a disc of storms
Comestibles
 b - 11 bread rations
 o - 3 meat rations


   Skills:
 + Level 9.5 Fighting
 * Level 7.8(8.1) Short Blades
 + Level 3.3(6.0) Long Blades
 + Level 1.0 Throwing
 + Level 7.9 Armour
 + Level 13.0 Dodging
 + Level 12.6 Stealth
 + Level 14.4 Shields
 + Level 5.5 Unarmed Combat
 + Level 8.7 Evocations


You had 15 spell levels left.
You didn't know any spells.

Dungeon Overview and Level Annotations

Branches:
Dungeon (15/15)            Temple (1/1) D:7            Lair (8/8) D:9
  Swamp (1/4) Lair:6        Snake (2/4) Lair:4        Slime (3/6) Lair:7
    Orc (4/4) D:12            Elf (2/3) Orc:4        Vaults (0/5) D:14
 Depths (0/5) D:15

Altars:
Ashenzari
Cheibriados
Dithmenos
Elyvilon
Fedhas
Gozag
Kikubaaqudgha
Makhleb
Nemelex Xobeh
Okawaru
Qazlal
Ru
Sif Muna
Trog
Vehumet
Xom
Yredelemnul
Zin
The Shining One
Beogh

Shops:
D:5 (   D:7 [   Orc:4 %:[*

Annotations:
Lair:3 exclusion: oklob plant
Snake:2 Jorgrun


Innate Abilities, Weirdness & Mutations

You have razor-sharp toenails.
You are partially covered in rough black scales (AC +4, Dex -1).
You are completely attuned to the shadows.
You are mostly covered in sharp spines.
You have a pair of small antennae on your head.
You are somewhat resistant to further mutation.
You can spit poison.


Message History

You block the splash of acid. The acid corrodes you!
The acid blob spits acid at you. You block the splash of acid.
The acid corrodes you! The acid blob spits acid at you.
You block the splash of acid. The acid corrodes you!
The acid blob spits acid at you. The splash of acid hits you!
The acid burns!
* * * LOW HITPOINT WARNING * * *
The acid blob spits acid at you. The splash of acid hits you!
* * * LOW HITPOINT WARNING * * *
The acid burns!
* * * LOW HITPOINT WARNING * * *
Drink which item? (? for menu, Esc to quit)
You fade into invisibility!
The acid blob spits acid at you. The splash of acid hits you!
* * * LOW HITPOINT WARNING * * *
The acid burns!
You die...

,,,,,...............###
,,*,..................#
,,,...................##
,,..............##.....##
,..............####.....#
,.............###.......#*
,............###.J.......#
,............##..........#*
,....>.......##(@..##.....*
,.................####...,*
,............##.....###..,*
*..........,,*#......#*,,,**
,.......J#,,,*##..<..#*,,,,*
,,,,,,,,,,,,,,*#.....#*,,,,**
*,,,,,,,,,,,,,*#....##**,,,,*
,*,,,,,,,,,,,,*##...## **,,,*
,,**,,,,,,,,,,*##(.≈.# *,,,*


You could see an acid blob.

Vanquished Creatures
  Kirke (Lair:5)
  Maud (Lair:6)
  A frost giant (IceCv)
  2 deep elf sorcerers
  A deep elf demonologist (Elf:1)
  Snorg (Lair:7)
  A minotaur (Lair:7)
  Josephine (Snake:1)
  A vault guard (D:14)
  7 hydras
  Fannar (Orc:2)
  7 anacondas (Snake:1)
  Harold (Lair:1)
  3 naga warriors (Snake:1)
  4 centaur warriors
  A catoblepas (Lair:4)
  5 death yaks
  A tengu warrior (D:14)
  2 naga sharpshooters (Snake:1)
  A shock serpent (shapeshifter) (D:14)
  A shock serpent (Snake:1)
  7 deep elf knights
  3 orc high priests (Orc:4)
  A deep troll (D:14)
  8 skeletal warriors (D:15)
  2 unseen horrors
  6 deep elf summoners (Elf:1)
  5 hill giants
  A wizard (D:14)
  A phantasmal warrior (D:14)
  6 griffons
  The ghost of asdu the Geomancer, a novice DEEE of Vehumet (D:9)
  2 deep elf conjurers (Elf:1)
  A mana viper (Lair:4)
  4 orc knights (Orc:4)
  2 manticores
  4 ugly things
  3 orc sorcerers (Orc:4)
  3 cyclopes
  A hornet (Swamp:1)
  A lindwurm (D:14)
  3 salamanders
  An octopode (shapeshifter) (D:14)
  4 elephants
  11 black mambas
  Psyche (D:12)
  A gargoyle (D:9)
  4 naga magi (Snake:1)
  9 spiny frogs
  6 trolls
  A kobold demonologist (D:13)
  6 fire drakes
  6 deep elf priests
  7 komodo dragons
  A queen bee (Lair:5)
  A merfolk (D:11)
  11 polar bears
  A polar bear (shapeshifter) (D:15)
  28 slime creatures
  A trapdoor spider zombie (D:13)
  25 blink frogs
  A trapdoor spider (D:13)
  Sigmund (D:5)
  A hog (Lair:5)
  2 shadows
  A yak (shapeshifter) (D:15)
  4 wraiths (Snake:1)
  2 golden eyes (Slime:1)
  54 yaks
  13 deep elf magi
  10 vampire mosquitoes
  3 humans (Lair:5)
  A spriggan (Lair:3)
  17 deep elf fighters
  3 basilisks
  12 hippogriffs
  2 wargs (D:9)
  21 wolves
  2 hungry ghosts
  3 wyverns
  A mottled dragon (D:12)
  Edmund (D:5)
  7 nagas (Snake:1)
  A soldier ant (D:13)
  21 water moccasins
  24 orc warriors
  A necrophage (D:10)
  4 phantoms
  3 sky beasts
  10 ogres
  11 porcupines
  2 wasps
  5 black bears
  An eye of draining (D:12)
  16 centaurs
  8 boggarts (D:15)
  9 crocodiles
  4 ice beasts
  5 big kobolds
  19 giant frogs
  A gnoll sergeant (D:7)
  A water moccasin zombie (D:7)
  A water moccasin skeleton (D:10)
  5 scorpions
  30 killer bees
  A troll zombie (D:12)
  A killer bee (shapeshifter) (D:14)
  3 electric eels
  8 wights
  4 crimson imps
  3 vampire bats (D:4)
  6 hounds
  A giant frog zombie (D:4)
  6 centaur skeletons
  4 centaur zombies
  30 orc wizards
  2 quasits
  Ijyb (D:2)
  5 giant frog skeletons
  16 jellies
  28 orc priests
  A gnoll shaman (D:5)
  11 iguanas
  An iguana (shapeshifter) (D:15)
  10 worker ants
  A killer bee zombie (D:7)
  5 ogre zombies (D:12)
  12 sheep
  A hound zombie (D:11)
  2 worker ant zombies
  13 adders
  37 river rats
  10 gnolls (D:7)
  A shadow imp (D:11)
  12 white imps (Lair:3)
  11 oozes (Lair:3)
  7 worms
  An adder skeleton (D:10)
  2 adder zombies
  12 giant geckos
  157 orcs
  6 ball pythons
  6 bats
  2 bat skeletons (D:4)
  3 bat zombies (D:4)
  5 giant cockroaches
  9 hobgoblins
  A giant gecko zombie (D:4)
  3 giant newts
  8 goblins
  A goblin skeleton (D:12)
  A goblin zombie (D:12)
  2 hobgoblin skeletons (D:12)
  A hobgoblin zombie (D:12)
  6 jackals
  22 kobolds
  An orc skeleton (D:12)
  13 orc zombies (D:12)
  2 quokkas
  A quokka skeleton (D:4)
  A quokka zombie (D:4)
  8 rats
  3 fungi
  A plant (Lair:3)
1110 creatures vanquished.

Vanquished Creatures (collateral kills)
  A golden eye (Slime:1)
  2 orcs (Orc:2)
3 creatures vanquished.

Vanquished Creatures (others)
  An orc warlord (Orc:4)
  A ball lightning (Orc:4)
  An orc sorcerer (Orc:4)
  2 yaks (IceCv)
  2 humans (Lair:5)
  2 wolves (IceCv)
  A big kobold (Slime:1)
  An iguana (Lair:5)
  3 orcs (Orc:4)
  12 fungi
  4 plants
30 creatures vanquished.

Grand Total: 1143 creatures vanquished

Notes
Turn   | Place    | Note
--------------------------------------------------------------
     0 | D:1      | JustSomeDude the Demonspawn Monk began the quest for the Orb.
     0 | D:1      | Reached XP level 1. HP: 18/18 MP: 1/1
   147 | D:1      | Found a shattered altar of Ashenzari.
   248 | D:1      | Gained mutation: You are partially covered in sharp spines. [demonic ancestry]
   248 | D:1      | Reached XP level 2. HP: 22/24 MP: 2/2
   310 | D:1      | Reached skill level 4 in Unarmed Combat
   559 | D:2      | Reached XP level 3. HP: 18/29 MP: 3/3
   578 | D:2      | Found an opulent altar of Gozag.
   706 | D:2      | Found a white marble altar of Elyvilon.
   832 | D:2      | Found a stormy altar of Qazlal.
   902 | D:2      | Gained mutation: You are slightly more attuned to the shadows. [demonic ancestry]
   902 | D:2      | Reached XP level 4. HP: 36/36 MP: 4/4
   990 | D:2      | Noticed Ijyb
  1008 | D:2      | Killed Ijyb
  1360 | D:3      | Reached XP level 5. HP: 42/42 MP: 5/5
  1408 | D:3      | Found a radiant altar of Vehumet.
  1968 | D:4      | Reached skill level 1 in Armour
  1971 | D:4      | Reached XP level 6. HP: 41/48 MP: 6/6
  2045 | D:4      | Found an ancient bone altar of Kikubaaqudgha.
  2048 | D:4      | Reached skill level 5 in Unarmed Combat
  2119 | D:4      | Reached XP level 7. HP: 41/55 MP: 7/7
  2362 | D:4      | Found a blossoming altar of Fedhas.
  2468 | D:4      | Reached skill level 1 in Short Blades
  2569 | D:4      | Reached skill level 5 in Fighting
  2569 | D:4      | Reached skill level 1 in Shields
  2686 | D:5      | Entered Level 5 of the Dungeon
  2783 | D:5      | Found Vewumme's Weapon Boutique.
  2806 | D:5      | Gained mutation: You are mostly covered in sharp spines. [demonic ancestry]
  2806 | D:5      | Reached XP level 8. HP: 32/62 MP: 8/8
  3195 | D:5      | Gained mutation: You are somewhat resistant to further mutation. [mutagenic meat]
  3235 | D:5      | Noticed Sigmund
  3236 | D:5      | Noticed Edmund
  3257 | D:5      | Killed Edmund
  3264 | D:5      | Killed Sigmund
  3264 | D:5      | Reached skill level 5 in Dodging
  3661 | D:6      | Reached skill level 5 in Armour
  3974 | D:6      | Gained mutation: You are partially covered in rough black scales (AC +4, Dex -1). [demonic ancestry]
  3974 | D:6      | Reached XP level 9. HP: 49/68 MP: 9/9
  4690 | D:7      | Reached skill level 6 in Armour
  4695 | D:7      | Gained mutation: You can spit weak poison. [mutagenic meat]
  4909 | D:7      | Reached skill level 5 in Shields
  4960 | D:7      | You fall through a shaft for 2 floors!
  5033 | D:9      | Found a bloodstained altar of Trog.
  5102 | D:7      | Found Wegisun's Antique Armour Emporium.
  5109 | D:7      | Bought a faintly glowing helmet for 275 gold pieces
  5120 | D:7      | Identified the +0 helmet of Dishonour {rF+ rN+ Str-2 Dex+5} (You bought it in a shop on level 7 of the Dungeon)
  5202 | D:7      | Found a staircase to the Ecumenical Temple.
  5260 | Temple   | Entered the Ecumenical Temple
  6083 | D:8      | Found a glowing golden altar of the Shining One.
  6083 | D:8      | Found a burning altar of Makhleb.
  6219 | D:8      | Found a deep blue altar of Sif Muna.
  6219 | D:8      | Found a snail-covered altar of Cheibriados.
  6220 | D:8      | Found a basalt altar of Yredelemnul.
  6583 | D:9      | Noticed asdu's ghost (novice DEEE)
  6650 | D:9      | Killed asdu's ghost
  6650 | D:9      | Reached skill level 7 in Shields
  6650 | D:9      | Gained mutation: You have sharp toenails. [demonic ancestry]
  6650 | D:9      | Reached XP level 10. HP: 67/77 MP: 10/10
  6691 | D:9      | Found a staircase to the Lair.
  6837 | D:10     | Entered Level 10 of the Dungeon
  6851 | D:9      | HP: 1/77 [orc warrior/hand axe (5)]
  8104 | D:10     | Reached skill level 8 in Shields
  8641 | D:10     | Killed an unseen horror
  8641 | D:10     | Reached skill level 9 in Shields
  9518 | D:11     | Gained mutation: You are significantly more attuned to the shadows. [demonic ancestry]
  9518 | D:11     | Reached XP level 11. HP: 83/83 MP: 11/11
 10069 | D:11     | Reached skill level 1 in Long Blades
 10692 | Lair:1   | Entered Level 1 of the Lair of Beasts
 10741 | Lair:1   | Reached skill level 10 in Shields
 10773 | Lair:1   | Noticed Harold
 10844 | Lair:1   | Killed Harold
 13371 | Lair:3   | Gained mutation: You are completely attuned to the shadows. [demonic ancestry]
 13371 | Lair:3   | Reached XP level 12. HP: 92/92 MP: 12/12
 13485 | Lair:3   | Noticed an eight-headed hydra
 13721 | Lair:3   | Found a frozen archway.
 13762 | IceCv    | Entered an ice cave
 13766 | IceCv    | Gained mutation: You have a pair of small antennae on your head. [potion of beneficial mutation]
 14761 | IceCv    | Reached skill level 11 in Shields
 14952 | IceCv    | Reached skill level 5 in Stealth
 15092 | IceCv    | Reached skill level 1 in Evocations
 15425 | IceCv    | Noticed a frost giant
 15449 | IceCv    | Killed a frost giant
 15449 | IceCv    | Reached skill level 5 in Short Blades
 15572 | IceCv    | Got a crude scimitar
 15595 | IceCv    | Identified the +2 scimitar of Veaqau {slice, rElec MP-9 Str+2} (You found it in an ice cave)
 15710 | Lair:3   | Noticed a six-headed hydra
 16068 | Lair:3   | Reached XP level 13. HP: 94/98 MP: 5/14
 16091 | Lair:4   | Noticed a catoblepas
 16103 | Lair:4   | Killed a catoblepas
 16122 | Lair:4   | Found a staircase to the Snake Pit.
 17247 | Lair:4   | Reached skill level 10 in Dodging
 17274 | Lair:4   | Reached skill level 12 in Shields
 18084 | Snake:1  | Entered Level 1 of the Snake Pit
 18623 | Lair:5   | Noticed Kirke
 18631 | Lair:5   | Killed Kirke
 18645 | Lair:5   | Reached skill level 5 in Evocations
 19220 | Lair:5   | Reached XP level 14. HP: 96/106 MP: 17/17
 20571 | Lair:6   | Found a staircase to the Swamp.
 20582 | Lair:6   | Noticed Maud
 20612 | Lair:6   | Killed Maud
 21532 | Lair:7   | Found a staircase to the Slime Pits.
 21549 | Lair:7   | Found a labyrinth entrance.
 21559 | Lab      | Entered a labyrinth
 23278 | Lair:7   | Identified a +3 rod of shadows (9/9) (You found it in a labyrinth)
 23377 | Slime:1  | Entered Level 1 of the Pits of Slime
 24506 | D:12     | Found a staircase to the Orcish Mines.
 24996 | D:12     | Noticed Psyche
 25000 | D:12     | Killed Psyche
 25147 | Orc:1    | Entered Level 1 of the Orcish Mines
 25797 | Orc:2    | Noticed Fannar
 26049 | Orc:2    | Found a roughly hewn altar of Beogh.
 26051 | Orc:2    | Killed Fannar
 26054 | Orc:2    | Reached skill level 13 in Shields
 26968 | Orc:3    | Found a bloodstained altar of Trog.
 27327 | Orc:3    | Reached skill level 10 in Stealth
 27426 | Orc:4    | Entered Level 4 of the Orcish Mines
 27426 | Orc:4    | Noticed an orc warlord
 27432 | Orc:4    | Killed an orc warlord
 28816 | Orc:4    | Found a staircase to the Elven Halls.
 28831 | Elf:1    | Entered Level 1 of the Elven Halls
 29650 | Orc:4    | Found Paxoich's General Store.
 29650 | Orc:4    | Found Etyteoff's Antique Armour Shoppe.
 29652 | Orc:4    | Found Nilit's Book Boutique.
 29652 | Orc:4    | Found Xiqos's Food Shoppe.
 30152 | Elf:1    | Gained mutation: You have razor-sharp toenails. [demonic ancestry]
 30152 | Elf:1    | Reached XP level 15. HP: 113/113 MP: 20/20
 30718 | Elf:1    | Noticed a deep elf sorcerer
 30750 | Elf:1    | Killed a deep elf sorcerer
 31255 | Elf:1    | Found a radiant altar of Vehumet.
 32052 | Elf:1    | how to learn from staves ?
 32237 | Elf:2    | HP: 4/113 [deep elf conjurer/bolt of negative energy (7)]
 33341 | D:13     | Got a brightly glowing halberd
 33346 | D:13     | Identified the +6 halberd of the Dozen Curses {chop, rElec} (You found it on level 13 of the Dungeon)
 33857 | D:13     | Found an opulent altar of Gozag.
 34500 | D:14     | Found a gate to the Vaults.
 35060 | D:14     | Found a glowing golden altar of the Shining One.
 35274 | D:14     | Reached skill level 1 in Throwing
 35860 | D:15     | Entered Level 15 of the Dungeon
 36087 | D:15     | Reached XP level 16. HP: 108/120 MP: 22/22
 36158 | D:15     | Found a staircase to the Depths.
 36168 | D:15     | Gained mutation: You can spit poison. [mutagenic meat]
 36317 | D:15     | Reached skill level 14 in Shields
 37236 | Lair:3   | Killed an eight-headed hydra
 37536 | Lair:3   | Killed a six-headed hydra
 37785 | Snake:1  | Found a runed gate.
 37785 | Snake:1  | Found a runed gate.
 37785 | Snake:1  | Found a runed gate.
 38203 | Snake:1  | Noticed Josephine
 38322 | Snake:1  | Killed Josephine
 39432 | Snake:2  | Noticed Jorgrun
 39577 | Swamp:1  | Entered Level 1 of the Swamp
 39899 | Lair:7   | Identified a scroll of acquirement
 40017 | Lair:7   | Noticed Snorg
 40021 | Lair:7   | Killed Snorg
 40748 | Lair:7   | Got a shimmering hat
 40754 | Lair:7   | Identified the +0 hat of Jiguir {Regen+} (You acquired it on level 7 of the Lair of Beasts)
 40769 | Lair:8   | Entered Level 8 of the Lair of Beasts
 40799 | Slime:1  | Hired Worph the big kobold for 96 gold.
 40816 | Slime:1  | Your ally Worph died
 41187 | Slime:1  | Noticed an acid blob
 41243 | Slime:1  | Drew Focus: Dex increased to 21, Str decreased to 10
 41265 | Slime:1  | HP: 2/120 [acid blob/splash of acid (11)]
 41265 | Slime:1  | Splashed by an acid blob's acid

Action                   |  1- 3 |  4- 6 |  7- 9 | 10-12 | 13-15 | 16-18 || total
-------------------------+-------+-------+-------+-------+-------+-------++-------
Melee: Unarmed           |    79 |    82 |       |       |       |       ||   161
       Dagger            |       |    36 |   473 |   880 |  2395 |   555 ||  4339
       Scimitar          |       |       |       |   135 |    30 |    74 ||   239
Throw: Stone             |       |       |       |     1 |       |       ||     1
       Tomahawk          |       |       |       |     2 |    28 |     6 ||    36
 Abil: Spit Poison       |       |       |     1 |       |     1 |       ||     2
       Evoke Berserk Rag |       |       |       |     8 |     2 |       ||    10
       Evoke Flight      |       |       |       |     1 |       |       ||     1
Evoke: Disc of storms    |       |       |       |    50 |    57 |     8 ||   115
       Wand              |       |       |       |     3 |    20 |     5 ||    28
       Deck              |       |       |       |       |     7 |     3 ||    10
       Rod               |       |       |       |       |     1 |       ||     1
  Use: Scroll            |       |     3 |       |    30 |    28 |    12 ||    73
       Potion            |       |     6 |     5 |     7 |    10 |     2 ||    30
 Stab: Sleeping          |     1 |       |       |    10 |   154 |    31 ||   196
       Distracted        |       |       |       |     3 |    13 |     4 ||    20
       Paralysed         |       |       |       |     2 |     3 |       ||     5
       Invisible         |       |       |       |     1 |       |       ||     1
  Eat: Beef jerky        |       |     1 |     1 |     1 |     1 |       ||     4
       Chunk             |       |     2 |     6 |     4 |    21 |     6 ||    39
       Bread ration      |       |       |     3 |     1 |     2 |       ||     6
       Meat ration       |       |       |     1 |     5 |     2 |       ||     8
       Fruit             |       |       |       |     1 |     2 |    13 ||    16
       Royal jelly       |       |       |       |       |    15 |       ||    15
       Pizza             |       |       |       |       |     1 |     1 ||     2
